 Dungeon Crawl Stone Soup version 0.31-a0-18-gea43df2a32 (webtiles) character file.

Game seed: 2848167647261178673

77413 hadoken the Protected (level 15, -4/141 HPs)
             Began as an Armataur Air Elementalist on May 12, 2023.
             Was the Champion of Makhleb.
             Slain by a salamander
             ... wielding a +0 trident
              (18 damage)
             ... on level 1 of the Snake Pit.
             The game lasted 01:03:32 (26854 turns).

hadoken the Protected (Armataur Air Elementalist)  Turns: 26854, Time: 01:03:36

Health: -4/141     AC: 37    Str: 19    XL:     15   Next: 15%
Magic:  22/22      EV:  9    Int: 20    God:    Makhleb [******]
Gold:   1540       SH:  0    Dex: 11    Spells: 15/25 levels left

rFire   x . .        H - +4 scimitar (protect)
rCold   . . .        (no shield)
rNeg    . . .        r - +10 crystal plate armour "Deommac" {Drain Str+5}
rPois   +            C - +1 helmet
rElec   .            h - +1 cloak {Will+}
rCorr   .            M - +0 pair of gloves
SInv    .            (no barding)
Will    ++...        z - amulet of faith Stlth
                     S - ring of the Hare {EV+10}
HPRegen 0.43/turn    d - ring of poison resistance
MPRegen 0.18/turn

%: random rage (3%), roll, faith
@: constricted
A: large, rugged brown scales 3, deformed body, armoured tail, roll, long
tongue, awkward tongue, claws 1, fangs 1, iridescent scales 1, berserk 1, low MP
1, weak 1, heat vulnerability 1, noise suppression
a: Renounce Religion, Minor Destruction, Lesser Servant of Makhleb, Major
Destruction, Greater Servant of Makhleb


You were on level 1 of the Snake Pit.
You worshipped Makhleb.
Makhleb was exalted by your worship.
You visited 5 branches of the dungeon, and saw 20 of its levels.
You also visited: Bailey.

You collected 1987 gold pieces.
You spent 447 gold pieces at shops.

Inventory:

Hand Weapons
 e - a +4 great sword
 H - a +4 scimitar of protection (weapon)
 X - the +7 hand axe of Chance {holy, MP+9 Int+5}
   (You found it on level 3 of the Lair of Beasts)

   Int:       It affects your intelligence (+5).
   MP:        It affects your magic capacity (+9).
Armour
 h - a +1 cloak of willpower (worn)
 l - a +0 cloak of poison resistance
 r - the +10 crystal plate armour "Deommac" (worn) {Drain Str+5}
   (You found it in a bailey)

   Str:       It affects your strength (+5).
   Drain:     It drains your maximum health when unequipped.
 v - a +1 cloak
 C - a +1 helmet (worn)
 M - a +0 pair of gloves (worn)
Jewellery
 d - a ring of poison resistance (right hand)
 m - a ring of positive energy
 w - an amulet of guardian spirit
 x - a ring of see invisible
 y - a +5 ring of evasion
 z - an amulet of faith (around neck)
 J - an amulet of magic regeneration
 S - the ring of the Hare (left hand) {EV+10}
   (You found it on level 11 of the Dungeon)

   [ring of evasion]

   EV:        It affects your evasion (+10).
 T - a ring of willpower
Wands
 p - a wand of polymorph (15)
 t - a wand of acid (4)
 L - a wand of iceblast (5)
 N - a wand of paralysis (5)
 W - a wand of flame (29)
Scrolls
 c - 2 scrolls of vulnerability
 f - 5 scrolls of immolation
 g - 6 scrolls of enchant weapon
 i - 4 scrolls of blinking
 k - 3 scrolls of identify
 o - 4 scrolls of enchant armour
 q - 6 scrolls of teleportation
 s - 3 scrolls of magic mapping
 B - 3 scrolls of amnesia
 E - a scroll of torment
 G - 5 scrolls of fog
 K - a scroll of brand weapon
 O - 4 scrolls of poison
 P - 4 scrolls of fear
 U - 2 scrolls of summoning
 Z - a scroll of silence
Potions
 a - 5 potions of attraction
 b - 3 potions of magic
 j - a potion of cancellation
 n - a potion of heal wounds
 u - 6 potions of haste
 A - 4 potions of brilliance
 F - a potion of berserk rage
 I - 6 potions of curing
 R - 2 potions of ambrosia
 V - a potion of resistance
 Y - 4 potions of lignification


   Skills:
 - Level 11.9 Fighting
 - Level 0.1(6.8) Short Blades
 + Level 10.9 Long Blades
 + Level 14.0 Armour
 - Level 1.5 Dodging
 - Level 4.1 Stealth
 - Level 5.7 Spellcasting
 - Level 6.0 Conjurations
 - Level 6.9 Air Magic
 + Level 13.3 Invocations


You had 15 spell levels left.
You knew the following spells:

 Your Spells              Type           Power      Damage    Failure   Level
a - Shock                 Conj/Air       100%       1d9       47%         1
b - Static Discharge      Conj/Air       62%        2-5/arc   63%         2
c - Swiftness             Air            33%        N/A       80%         3
d - Airstrike             Air            16%        2d(3-19)  99%         4

Your spell library contained the following spells:

 Spells                   Type           Power      Damage    Failure   Level
 Magic Dart               Conj           100%       1d8       54%         1
 Searing Ray              Conj           58%        2d6       69%         2
 Vhi's Electric Charge    Tloc/Air       38%        N/A       99%         3
 Sublimation of Blood     Necr           5%         N/A       100%        2
 Wereblood                Tmut           5%         N/A       100%        2
 Fulminant Prism          Conj/Hex       8%         3d7       100%        4
 Petrify                  Tmut/Erth      5%         N/A       100%        4
 Alistair's Intoxication  Tmut/Pois      3%         N/A       100%        5
 Arcjolt                  Conj/Air       15%        1d25      100%        5
 Borgnjor's Vile Clutch   Necr/Erth      2%         N/A       100%        5
 Irradiate                Conj/Tmut      8%         3d14      100%        5
 Eringya's Noxious Bog    Tmut/Pois      2%         N/A       100%        6
 Plasma Beam              Fire/Air       9%         2x1d22    100%        6
 Summon Hydra             Summ           2%         N/A       100%        7


Dungeon Overview and Level Annotations

Branches:
Dungeon (11/15)            Temple (1/1) D:4            Lair (5/5) D:8
  Swamp (0/4) Lair:3        Snake (1/4) Lair:2        Slime (0/5) Lair:4
    Orc (2/2) D:11            Elf (0/3) Orc:2        Bailey (visited)

Altars:
Ashenzari
Cheibriados
Dithmenos
Elyvilon
Fedhas
Gozag
Hepliaklqana
Kikubaaqudgha
Makhleb
Nemelex Xobeh
Okawaru
Qazlal
Ru
Sif Muna
Trog
Uskayaw
Vehumet
Wu Jian
Xom
Yredelemnul
Zin
The Shining One

Shops:
D:8 *   D:11 *   Orc:1 :   Orc:2 *?*(   Snake:1 :


Innate Abilities, Weirdness & Mutations

You are completely covered in rugged brown scales. (AC +3, +7% HP)
Armour fits poorly on your strangely shaped body.
You have a long armoured tail.
You roll when moving toward enemies. (Rampage)
Your long tongue fully drains potion bottles. (2x potion effects)
Your tongue gives you trouble enunciating. (1.5x scroll delay)
You have sharp fingernails.
You have very sharp teeth.
You are partially covered in iridescent scales. (AC +2)
You sometimes lose your temper in combat.
Your magical capacity is low. (-10% MP)
You are weak. (Str -2)
You are vulnerable to heat. (rF-)
You passively dampen the noise of your surroundings.


Message History

You feel very sick.
The black mamba bites you but does no damage.
An anaconda comes into view.
The black mamba bites you but does no damage.
Aiming: Major Destruction (0% risk of failure)
Press: ? - help, Shift-Dir - straight line, f - anaconda, p - black mamba
Aim: an anaconda (wandering, hasn't noticed you)
The bolt of magma hits the salamander!
The salamander partially resists.
The salamander is moderately wounded.
The bolt of magma hits the anaconda!!
The anaconda is moderately wounded.
You feel sick. The black mamba misses you.
The black mamba bites you but does no damage.
A demon appears!
You feel sick. The black mamba bites you.
* * * LOW HITPOINT WARNING * * *
The salamander hits you but does no damage.
The black mamba bites you but does no damage.
The black mamba attacks as you move away!
The black mamba bites you but does no damage.
You feel sick.
Your Executioner gestures.
Your Executioner seems to speed up.
The anaconda misses you.
The anaconda bites you but does no damage.
The black mamba closely misses you.
You see here a shock serpent corpse.
You feel better.
You slurp down every last drop of the potion of curing!
Your Executioner misses the black mamba.
Your Executioner hits the black mamba. Your Executioner hits the black mamba!
The black mamba dies!
Makhleb accepts your kill. The anaconda grabs you.
The anaconda bites you but does no damage.
The anaconda constricts you.
* * * LOW HITPOINT WARNING * * *
The salamander hits you from afar with a +0 trident.
* * * LOW HITPOINT WARNING * * *
You are engulfed in flames!!
The fire burns you terribly!
You die...

##......# ....
##......#
#..#....#
##.....#######
####.........
#.....#####
#.....######
.#...#..#..>#
#........@SN.#
####.###.#1..#
...
#.#).......
####
#.....#....
#####.# ### ..
... ... .###


You could see a salamander, an anaconda (ally target) and a friendly Executioner
(summoned, fast).

Vanquished Creatures
  The ghost of bmj180 the Thaumaturge, a journeyman DrIE of Sif Muna (Orc:1)
  A dire elephant (Lair:3)
  Harold (Lair:2)
  An anaconda (Snake:1)
  A centaur warrior (D:11)
  2 hydras
  A naga warrior (Snake:1)
  2 two-headed ogres
  4 death yaks
  A shock serpent (Snake:1)
  4 skysharks
  2 lindwurms
  A naga ritualist (Snake:1)
  3 deep elf pyromancers (D:11)
  4 orc sorcerers (Orc:2)
  An ugly thing (D:11)
  2 orc knights
  A mana viper (Snake:1)
  A cyclops (D:11)
  2 manticores
  A manticore (shapeshifter) (D:11)
  26 elephants
  5 black mambas
  4 torpor snails
  5 cane toads
  An unseen horror (D:11)
  4 rime drakes
  10 komodo dragons
  A freezing wraith (D:11)
  9 polar bears
  A troll (Orc:1)
  6 hornets
  Prince Ribbit (D:8)
  8 blink frogs
  8 dream sheep
  13 spriggans
  Sigmund (D:6)
  A wraith (D:10)
  3 wyverns
  34 yaks
  4 vampire mosquitoes (D:11)
  2 basilisks
  Menkaure (D:6)
  5 nagas
  4 wargs (Orc:1)
  12 water moccasins
  2 ice beasts
  2 sky beasts (D:7)
  3 black bears
  22 orc warriors
  A swamp drake (Bailey)
  6 ogres
  5 boggarts
  49 wolves
  4 centaurs
  2 phantoms
  A kobold brigand (D:7)
  Blork the orc (D:6)
  A gnoll sergeant (D:8)
  9 bullfrogs
  A scorpion (D:6)
  8 wights
  5 killer bees (D:11)
  An electric eel (Lair:1)
  A howler monkey (D:10)
  A hound (D:7)
  A jelly (D:4)
  A gnoll bouda (Orc:1)
  18 orc priests
  11 iguanas
  2 sleepcaps
  24 orc wizards
  Robin (D:3)
  8 gnolls
  5 adders
  2 shadow imps
  2 white imps
  An ufetubus (D:6)
  3 worms
  4 dart slugs
  65 orcs
  10 endoplasms
  10 giant cockroaches
  20 goblins
  10 hobgoblins
  11 kobolds
  2 quokkas
  14 ball pythons
  6 bats
  3 frilled lizards
  7 rats
572 creatures vanquished.

Vanquished Creatures (collateral kills)
  Rupert (Snake:1)
  2 hydras
  A naga warrior (Snake:1)
  Urug (Orc:2)
  6 death yaks (Lair:2)
  An orc high priest (Orc:2)
  An orc knight (Orc:2)
  Maurice (Orc:2)
  4 black mambas
  2 elephants (Lair:3)
  2 komodo dragons (Lair:2)
  2 blink frogs (Lair:2)
  4 yaks (Lair:2)
  A basilisk (Lair:2)
  A warg (Orc:1)
  A naga (Snake:1)
  4 orc warriors
  3 ogres
  A bullfrog (Lair:2)
  4 orc priests (Orc:2)
  6 orc wizards
  3 gnolls (Orc:1)
  12 orcs
  A goblin (Orc:1)
65 creatures vanquished.

Vanquished Creatures (others)
  2 orc wizards
  An orc (D:5)
3 creatures vanquished.

Grand Total: 640 creatures vanquished

Notes
Turn   | Place    | Note
-------+----------+-------------------------------------------
     0 | D:1      | hadoken the Armataur Air Elementalist began the quest for
                  | the Orb.
     0 | D:1      | Reached XP level 1. HP: 14/14 MP: 3/3
    67 | D:1      | Reached skill level 1 in Conjurations
   125 | D:1      | Reached XP level 2. HP: 16/21 MP: 2/4
   379 | D:1      | Reached XP level 3. HP: 27/27 MP: 6/6
   382 | D:1      | Learned a level 2 spell: Static Discharge
  1643 | D:2      | Reached XP level 4. HP: 36/36 MP: 7/7
  2365 | D:3      | Noticed Robin
  2506 | D:3      | Killed Robin
  2507 | D:3      | Reached skill level 1 in Fighting
  2511 | D:3      | Learned a level 3 spell: Swiftness
  2740 | D:3      | Found a faded altar of an unknown god.
  2941 | D:4      | Reached XP level 5. HP: 42/42 MP: 4/8
  3180 | D:4      | Found a staircase to the Ecumenical Temple.
  3192 | Temple   | Entered the Ecumenical Temple
  3483 | Temple   | Became a worshipper of Makhleb the Destroyer
  3667 | D:4      | Reached XP level 6. HP: 48/51 MP: 10/10
  4216 | D:4      | Reached skill level 1 in Invocations
  4494 | D:4      | Learned a level 4 spell: Airstrike
  4520 | D:5      | Entered Level 5 of the Dungeon
  5030 | D:5      | Reached XP level 7. HP: 31/58 MP: 5/11
  6146 | D:6      | Noticed Sigmund
  6158 | D:6      | Killed Sigmund
  6159 | D:6      | Reached XP level 8. HP: 62/67 MP: 13/13
  6193 | D:6      | Found an opulent altar of Gozag.
  6275 | D:6      | Noticed Blork the orc
  6290 | D:6      | Reached skill level 5 in Air Magic
  6293 | D:6      | Killed Blork the orc
  6293 | D:6      | Reached * piety under Makhleb
  6718 | D:6      | Noticed Menkaure
  6726 | D:6      | Killed Menkaure
  6983 | D:6      | You fall into a shaft and drop 2 floors!
  6984 | D:8      | Found Cuphaak's Demolitions Depot.
  7745 | D:7      | Reached XP level 9. HP: 75/75 MP: 6/15
  8613 | D:8      | Found a staircase to the Lair.
  8844 | D:7      | Gained mutation: You are strong-willed. (Will+) [potion of
                  | mutation]
  8844 | D:7      | Gained mutation: You occasionally shout uncontrollably at
                  | your foes. [potion of mutation]
  8844 | D:7      | Lost mutation: You are strong-willed. (Will+) [potion of
                  | mutation]
  8844 | D:7      | Gained mutation: You are robust. (+10% HP) [potion of
                  | mutation]
  8844 | D:7      | Gained mutation: Your movements are slightly less
                  | encumbered by armour. (ER -2) [potion of mutation]
  8844 | D:7      | Gained mutation: You sometimes lose your temper in combat.
                  | [potion of mutation]
  8844 | D:7      | Gained mutation: Your spells are a little harder to cast,
                  | but a little more powerful. [potion of mutation]
  8854 | D:7      | Reached skill level 5 in Conjurations
  8854 | D:7      | Lost mutation: You sometimes lose your temper in combat.
                  | [potion of mutation]
  8854 | D:7      | Lost mutation: You occasionally shout uncontrollably at
                  | your foes. [potion of mutation]
  8854 | D:7      | Lost mutation: You are robust. (+10% HP) [potion of
                  | mutation]
  8854 | D:7      | Lost mutation: Your spells are a little harder to cast, but
                  | a little more powerful. [potion of mutation]
  8854 | D:7      | Lost mutation: Your movements are slightly less encumbered
                  | by armour. (ER -2) [potion of mutation]
  8854 | D:7      | Gained mutation: You sometimes lose your temper in combat.
                  | [potion of mutation]
  8854 | D:7      | Gained mutation: You do not regenerate when monsters are
                  | visible. [potion of mutation]
  8854 | D:7      | Gained mutation: Your tail ends in a venomous barb. [potion
                  | of mutation]
  8854 | D:7      | Gained mutation: Your magical capacity is low. (-10% MP)
                  | [potion of mutation]
  8854 | D:7      | Gained mutation: You have a pair of small horns on your
                  | head. [potion of mutation]
  8854 | D:7      | Gained mutation: You have very sharp teeth. [potion of
                  | mutation]
  8855 | D:7      | Lost mutation: Your magical capacity is low. (-10% MP)
                  | [potion of mutation]
  8855 | D:7      | Lost mutation: Your tail ends in a venomous barb. [potion
                  | of mutation]
  8855 | D:7      | Lost mutation: You have a pair of small horns on your head.
                  | [potion of mutation]
  8855 | D:7      | Lost mutation: You do not regenerate when monsters are
                  | visible. [potion of mutation]
  8855 | D:7      | Gained mutation: You are weak. (Str -2) [potion of
                  | mutation]
  8855 | D:7      | Gained mutation: Your magical capacity is low. (-10% MP)
                  | [potion of mutation]
  8855 | D:7      | Gained mutation: You have sharp fingernails. [potion of
                  | mutation]
  8855 | D:7      | Gained mutation: You passively dampen the noise of your
                  | surroundings. [potion of mutation]
  8855 | D:7      | Gained mutation: You are vulnerable to heat. (rF-) [potion
                  | of mutation]
  8855 | D:7      | Gained mutation: You are partially covered in iridescent
                  | scales. (AC +2) [potion of mutation]
  9200 | D:8      | Reached ** piety under Makhleb
  9201 | D:8      | Reached skill level 5 in Spellcasting
  9432 | D:8      | Noticed Prince Ribbit
  9458 | D:8      | Killed Prince Ribbit
  9459 | D:8      | Reached skill level 5 in Fighting
  9459 | D:8      | Reached skill level 5 in Invocations
  9764 | D:8      | Found a shimmering altar of Xom.
 10050 | D:9      | Reached XP level 10. HP: 52/86 MP: 4/16
 10238 | D:9      | Found a flagged portal.
 10273 | Bailey   | Entered a bailey
 10652 | Bailey   | Identified the +10 crystal plate armour "Deommac" {Drain
                  | Str+5}
 10713 | Bailey   | Reached *** piety under Makhleb
 10972 | Bailey   | Reached skill level 1 in Armour
 11405 | D:9      | Noticed a two-headed ogre
 11418 | D:9      | Killed a two-headed ogre
 11419 | D:9      | Reached skill level 1 in Long Blades
 11419 | D:9      | Reached skill level 2 in Armour
 11841 | D:9      | Found a shimmering blue altar of Sif Muna.
 11869 | D:9      | Reached skill level 3 in Armour
 12084 | D:10     | Entered Level 10 of the Dungeon
 12256 | D:10     | Found a broken altar of Ashenzari.
 12257 | D:10     | Found a shadowy altar of Dithmenos.
 12257 | D:10     | Found a sacrificial altar of Ru.
 12263 | D:10     | Found a snail-covered altar of Cheibriados.
 12264 | D:10     | Found a hazy altar of Hepliaklqana.
 12710 | D:10     | Found a basalt altar of Yredelemnul.
 12710 | D:10     | Found a hide-covered altar of Uskayaw.
 12711 | D:10     | Found a glowing silver altar of Zin.
 12737 | D:10     | Reached skill level 4 in Armour
 12802 | D:10     | Noticed a two-headed ogre
 12818 | D:10     | Reached **** piety under Makhleb
 12828 | D:10     | Killed a two-headed ogre
 12829 | D:10     | Reached XP level 11. HP: 56/97 MP: 17/17
 13568 | D:11     | Found a staircase to the Orcish Mines.
 13572 | D:11     | Noticed a deep elf pyromancer
 13572 | D:11     | Noticed a deep elf pyromancer
 13574 | D:11     | Noticed an orc knight
 13610 | Lair:1   | Entered Level 1 of the Lair of Beasts
 13623 | Lair:1   | Reached skill level 5 in Armour
 14284 | Lair:1   | Reached skill level 6 in Armour
 14853 | Lair:2   | Noticed a death yak
 14897 | Lair:2   | Noticed a death yak
 14909 | Lair:1   | Reached skill level 5 in Long Blades
 14930 | Lair:2   | Noticed Harold
 14943 | Lair:2   | Killed Harold
 14944 | Lair:2   | Reached skill level 7 in Armour
 15012 | Lair:2   | Noticed a death yak
 15175 | Lair:1   | Killed a death yak
 15371 | Lair:2   | Reached ***** piety under Makhleb
 15375 | Lair:2   | Found a staircase to the Snake Pit.
 15598 | Lair:2   | Noticed a death yak
 15598 | Lair:2   | Noticed a death yak
 15599 | Lair:2   | Noticed a death yak
 15607 | Lair:2   | Killed a death yak
 15608 | Lair:2   | Reached XP level 12. HP: 80/110 MP: 18/18
 15609 | Lair:2   | Killed a death yak
 15612 | Lair:2   | Killed a death yak
 15613 | Lair:2   | Reached skill level 8 in Armour
 15658 | Lair:2   | Noticed a death yak
 15662 | Lair:2   | Killed a death yak
 15664 | Lair:2   | Killed a death yak
 15667 | Lair:2   | Killed a death yak
 15814 | Lair:2   | Noticed a death yak
 15833 | Lair:2   | Killed a death yak
 15865 | Lair:2   | Reached skill level 9 in Armour
 16419 | Lair:2   | Reached skill level 10 in Invocations
 16669 | Lair:3   | Noticed a four-headed hydra
 16682 | Lair:3   | Killed a six-headed hydra
 16833 | Lair:3   | Identified the +7 hand axe of Chance {holy, MP+9 Int+5}
 17286 | Lair:3   | Found a staircase to the Swamp.
 17437 | Lair:3   | Reached skill level 10 in Armour
 17437 | Lair:3   | Reached XP level 13. HP: 109/119 MP: 19/19
 17799 | Lair:3   | Reached skill level 10 in Fighting
 18102 | Lair:3   | Noticed a dire elephant
 18127 | Lair:3   | Killed a dire elephant
 19049 | Lair:4   | Reached skill level 11 in Armour
 19577 | Lair:4   | Found a staircase to the Slime Pits.
 20085 | Lair:5   | Entered Level 5 of the Lair of Beasts
 21059 | Lair:5   | Reached XP level 14. HP: 127/130 MP: 20/20
 21079 | Lair:5   | Reached skill level 12 in Armour
 22124 | Lair:5   | Reached ****** piety under Makhleb
 23537 | D:11     | Reached skill level 10 in Long Blades
 23632 | D:11     | Identified the +5 spear "Raisin" {venom, *Noise rPois
                  | Stlth+}
 23651 | D:11     | Reached skill level 13 in Armour
 23964 | D:11     | Found the +2 hat of the Bear Spirit {Spirit, Bear, *Rage
                  | Will++}
 23980 | D:11     | Identified the staff of air "Sedu Quc" {rElec Int+3}
 23987 | D:11     | Found the ring of the Hare {EV+10}
 24024 | D:11     | Found a faded altar of an unknown god.
 24088 | D:11     | Found Duis's Island Escapes.
 24448 | Orc:1    | Entered Level 1 of the Orcish Mines
 24715 | Orc:1    | Found Woged's Book Shoppe.
 24780 | Orc:1    | Found a runed translucent gate.
 24780 | Orc:1    | Found a runed translucent gate.
 24780 | Orc:1    | Found a runed translucent gate.
 24780 | Orc:1    | Noticed bmj180's ghost (journeyman DrIE)
 24833 | Orc:1    | Killed bmj180's ghost
 25112 | Orc:2    | Entered Level 2 of the Orcish Mines
 25144 | Orc:2    | Noticed Urug
 25158 | Orc:2    | Killed Urug
 25179 | Orc:2    | Noticed Maurice
 25179 | Orc:2    | Paralysed by Maurice for 2 turns
 25184 | Orc:2    | Killed Maurice
 25266 | Orc:2    | Paralysed by an orc sorcerer for 2 turns
 25739 | Orc:2    | Found a staircase to the Elven Halls.
 25759 | Orc:2    | Paralysed by an orc sorcerer for 2 turns
 25961 | Orc:2    | Found Buyn's General Store.
 25961 | Orc:2    | Found Karayb's Magic Scroll Emporium.
 25962 | Orc:2    | Found Foqesoic's Weapon Shoppe.
 25966 | Orc:2    | Found Kodd's General Store.
 25969 | Orc:2    | Bought a potion of curing for 36 gold pieces
 25970 | Orc:2    | Bought a scroll of summoning for 142 gold pieces
 25970 | Orc:2    | Bought a scroll of blinking for 112 gold pieces
 25970 | Orc:2    | Bought a scroll of teleportation for 45 gold pieces
 25970 | Orc:2    | Bought a scroll of blinking for 112 gold pieces
 26283 | Snake:1  | Entered Level 1 of the Snake Pit
 26508 | Snake:1  | Reached XP level 15. HP: 125/141 MP: 22/22
 26625 | Snake:1  | Noticed Rupert
 26635 | Snake:1  | Killed Rupert
 26649 | Snake:1  | Found Soqolete's Tremendous Tomes.
 26756 | Snake:1  | Reached skill level 14 in Armour
 26852 | Snake:1  | HP: 5/141 [black mamba (6)]
 26854 | Snake:1  | Slain by a salamander

Illustrated notes

Levels and vault maps discovered:
D:1:      psy_arrival_wood_between_worlds, layout_loops_ring, minmay_tromino_i2
D:2:      layout_loops_corners
D:3:      layout_rooms, shapermc_ecumenical_altar_hornbeckon, uniq_robin
D:4:      layout_basic, minmay_temple_entry_proselytizer, serial_rivers,
          chequers_serial_rivers_micro_c, chequers_serial_rivers_room_a,
          chequers_serial_rivers_micro_b, chequers_serial_rivers_micro_a
D:5:      layout_basic
D:6:      layout_basic, old_standard_altar, uniq_blork_the_orc, uniq_sigmund,
          uniq_menkaure
D:7:      layout_loops_ring
D:8:      layout_cave_pools, mainiacjoe_overflow_surrounded_room,
          lair_entry_dummy, nicolae_blasting_shop, uniq_prince_ribbit1
D:9:      layout_rooms, nicolae_sif_muna_little_library, enter_bailey_5
D:10:     layout_long_grid, grunt_temple_overflow_open, minmay_misc_feat_alley,
          minmay_misc_feat_roman, st_stairs_7, hex_tiny,
          minmay_misc_feat_hallway, kennysheep_doodads, minmay_starry_boxes
D:11:     minmay_cut_squares, layout_cave_pods, serial_column_ruins,
          column_ruins_temple_circle, column_ruins_open_tiny,
          column_ruins_open_small, column_ruins_columns_T,
          nicolae_island_escapes
Temple:   nicolae_temple_bog_church
Lair:1:   layout_loops_ring, infiniplex_staircase_pool
Lair:2:   layout_misc_corridors, guppyfry_snake_entry_garden,
          minmay_shattered_shrine, uniq_harold
Lair:3:   mu_elephants_graveyard, layout_chaotic_city,
          minmay_swamp_entry_reptiles, lemuel_fruit_tree
Lair:4:   layout_regular_city, dpeg_slime_entry_corner, minmay_lair_drake_nest,
          lemuel_fruit_fields, grunt_megastairs_5
Lair:5:   minmay_lair_end_enchanted_forest, layout_regular_city,
          chequers_serial_rivers_micro_c
Snake:1:  layout_misc_corridors, gammafunk_ghost_necromancy,
          nicolae_shop_i_like_big_books, uniq_rupert
Orc:1:    layout_caves, serial_shops, nicolae_lakefront_shop,
          ebering_ghost_rock_garden, mines5_lemuel
Orc:2:    st_orc_mages, layout_caves, basic_altar, uniq_maurice, uniq_urug

Skill      XL: |  1  2  3  4  5  6  7  8  9 10 11 12 13 14 15 |
---------------+----------------------------------------------+-----
Conjurations   | 1 2 3 4 5 6 |  6.0
Spellcasting   | 2 3 4 5 |  5.7
Air Magic      | 3 4 5 6 |  6.9
Stealth        | 3 4 |  4.1
Fighting       | 1 2 3 4 5 6 8 9 10 11 | 11.9
Invocations    | 1 2 4 5 7 8 10 11 13 | 13.3
Armour         | 4 7 10 11 13 14 | 14.0
Long Blades    | 3 5 7 9 10 | 10.9
Short Blades   | |  0.1
Dodging        | |  1.5

Action                     |  1- 3 |  4- 6 |  7- 9 | 10-12 | 13-15 || total
---------------------------+-------+-------+-------+-------+-------++-------
  Melee: Unarmed           |    10 |       |       |       |       ||    10
         Long sword        |    28 |    25 |       |       |       ||    53
         Tailslap          |    15 |    17 |    17 |   128 |   282 ||   459
         Short sword       |    80 |    31 |       |       |       ||   111
         Dagger            |       |    38 |       |       |       ||    38
         Spear             |       |   111 |   229 |   124 |       ||   464
         Punch             |       |     1 |     3 |    11 |    23 ||    38
         Bite              |       |       |     1 |   104 |   213 ||   318
         Scimitar          |       |       |       |   676 |  1584 ||  2260
         Hand axe          |       |       |       |       |     8 ||     8
   Cast: Shock             |    14 |    19 |    30 |     6 |     1 ||    70
         Static Discharge  |     3 |    20 |    42 |       |       ||    65
         Swiftness         |       |     1 |     4 |       |       ||     5
         Airstrike         |       |       |    29 |     4 |       ||    33
 Invoke: Minor Destruction |       |       |       |    24 |    10 ||    34
         Lesser Servant of |       |       |       |     3 |    13 ||    16
         Greater Servant o |       |       |       |     1 |     3 ||     4
         Major Destruction |       |       |       |       |     5 ||     5
  Evoke: Wand              |       |       |       |    16 |    15 ||    31
    Use: Potion            |     1 |     1 |     6 |     2 |     3 ||    13
         Scroll            |       |     8 |     3 |    13 |    10 ||    34
   Stab: Sleeping          |     9 |    10 |     4 |     2 |       ||    25
         Invisible         |       |     2 |       |       |       ||     2
         Distracted        |       |       |     1 |     2 |     6 ||     9
         Paralysed         |       |       |       |     4 |       ||     4
 Armour: Robe              |    28 |       |       |       |       ||    28
         Leather armour    |    25 |    61 |    81 |    15 |       ||   182
         Skin              |       |       |    12 |     8 |       ||    20
         Crystal plate arm |       |       |       |  1061 |  2322 ||  3383
  Dodge: Dodged            |    80 |   107 |   159 |   287 |   852 ||  1485

Table legend: (Time is in decaauts)
 A = Elapsed time spent in this place.
 B = Non-inter-level travel time spent in this place.
 C = Inter-level travel time spent in this place.
 D = Time resting spent in this place.
 E = Time spent auto-exploring this place.
 F = Levels seen in this place.
 G = Mean time per level.
                   A        B        C        D        E       F      G
               +--------+--------+--------+--------+--------+-----+--------+
         Total |  27360 |  26181 |   1179 |   5519 |  14695 |  21 | 1302.9 |
       Dungeon |  14477 |  13722 |    755 |   2571 |   8712 |  11 | 1316.1 |
        Temple |    298 |    292 |      6 |     53 |    201 |   1 |  298.0 |
          Lair |   9573 |   9237 |    336 |   2336 |   4503 |   5 | 1914.6 |
     Snake Pit |    590 |    590 |      0 |     64 |    351 |   1 |  590.0 |
  Orcish Mines |   1629 |   1548 |     81 |    255 |    601 |   2 |  814.5 |
        Bailey |    790 |    790 |      0 |    240 |    327 |   1 |  790.0 |
               +--------+--------+--------+--------+--------+-----+--------+

Top non-repeatable levels by time:
  Lair:5: 2627 daAuts
    D:10: 2053 daAuts
  Lair:1: 2006 daAuts
  Lair:4: 1853 daAuts
  Lair:3: 1816 daAuts
     D:7: 1603 daAuts
     D:6: 1460 daAuts
     D:9: 1455 daAuts
     D:4: 1309 daAuts
  Lair:2: 1270 daAuts
     D:8: 1251 daAuts
     D:2: 1235 daAuts
     D:5: 1210 daAuts
    D:11: 1206 daAuts
     D:1: 1009 daAuts
